 Dungeon Crawl Stone Soup version 0.31-a0-222-gefeffbb62a (webtiles) character file.

Game seed: 5402527221717178726

72 qw the Shooter (level 4, -2/26 HPs)
             Began as a Gargoyle Hexslinger on July 4, 2023.
             Slain by Sigmund
             ... wielding a +0 scythe
              (3 damage)
             ... on level 3 of the Dungeon.
             The game lasted 00:00:43 (1822 turns).

qw the Shooter (Gargoyle Hexslinger)                Turns: 1822, Time: 00:00:44

Health: -2/26      AC:  9    Str: 11    XL:     4   Next: 25%
Magic:  5/5        EV: 10    Int: 14    God:
Gold:   76         SH:  0    Dex: 14    Spells: 4/5 levels left

rFire   . . .        Y - +1 sling
rCold   . . .        (no shield)
rNeg    + . .        f - +0 ring mail
rPois   inf          (no helmet)
rElec   +            (no cloak)
rCorr   .            e - +0 pair of gloves
SInv    .            (no boots)
Will    .....        (no amulet)
Stlth   +            (no ring)
HPRegen 0.24/turn    (no ring)
MPRegen 0.09/turn

%: no passive effects
@: no status effects
A: sickness immunity, AC +3, negative energy resistance 1, electricity
resistance, torment resistance 1, petrification resistance
a: no special abilities


You were on level 3 of the Dungeon.
You visited 1 branch of the dungeon, and saw 3 of its levels.

You collected 76 gold pieces.


Innate Abilities, Weirdness & Mutations

You are immune to sickness and miasma.
Your stone body is resilient. (AC +3)
You are immune to poison.
You resist negative energy. (rN+)
You are resistant to electric shocks. (rElec)
You are resistant to unholy torment.
You are immune to petrification.


   Skills:
 - Level 2.0 Fighting
 + Level 3.8 Ranged Weapons
 - Level 1.0 Armour
 - Level 1.5 Dodging
 - Level 1.0 Spellcasting
 - Level 2.6 Hexes


You had 4 spell levels left.
You knew the following spells:

 Your Spells              Type           Power      Damage    Failure   Level
a - Slow                  Hex            32%        N/A       21%         1

Your spell library contained the following spells:

 Spells                   Type           Power      Damage    Failure   Level
 Inner Flame              Hex/Fire       4%         N/A       71%         3
 Portal Projectile        Hex/Tloc       8%         N/A       71%         3
 Cause Fear               Hex            4%         N/A       90%         4

Inventory:

Hand Weapons
 Y - a +1 sling (weapon)
Armour
 e - a +0 pair of gloves (worn)
 f - a +0 ring mail (worn)
Scrolls
 d - a scroll of identify
Potions
 a - 2 potions of enlightenment {unknown}
 b - a potion of mutation {unknown}

Dungeon Overview and Level Annotations

Branches:
Dungeon (3/15)

Altars:

Annotations:
D:3 Sigmund


Message History

Found a stone staircase leading down.
Sigmund shouts!
Sigmund casts a spell at you. The magic dart hits you.
You shoot a sling bullet. The sling bullet hits Sigmund.
Sigmund is lightly wounded.
You start resting.
Sigmund is nearby!
You shoot a sling bullet. The sling bullet hits Sigmund.
Sigmund is lightly wounded.
You shoot a sling bullet. The sling bullet hits Sigmund.
Sigmund is moderately wounded.
Sigmund casts a spell at you. The puff of flame hits you.
You shoot a sling bullet.
The sling bullet closely misses Sigmund.
Sigmund hits you but does no damage.
You shoot a sling bullet. The sling bullet barely misses Sigmund.
Sigmund hits you with a +0 scythe.
You shoot a sling bullet. The sling bullet hits Sigmund!
Sigmund is severely wounded.
Sigmund closely misses you.
You shoot a sling bullet.
The sling bullet closely misses Sigmund.
Sigmund casts a spell at you.
You are confused.
Sigmund hits you with a +0 scythe! Sigmund hits you but does no damage.
Sigmund closely misses you. Sigmund gestures at you while chanting.
You are more confused.
Sigmund hits you but does no damage. Sigmund hits you but does no damage.
Sigmund barely misses you. Sigmund hits you but does no damage.
Sigmund screams, "Don't try to resist!"
Sigmund hits you with a +0 scythe!
You feel less confused. Sigmund hits you with a +0 scythe.
You die...

.# #.## ....#
....#
####....#
.....>.#
#.@....# #@#
#.# #. #.# #.
#.# #.# #.#
#.# ##.# #.#
#..# #.#
##.##
#.###..######
####


You could see Sigmund.

Vanquished Creatures
  3 adders
  2 dart slugs (D:2)
  4 bats
  7 endoplasms
  5 giant cockroaches (D:1)
  5 goblins
  A hobgoblin (D:1)
  2 kobolds
  A quokka (D:2)
  4 ball pythons
  A frilled lizard (D:1)
  2 rats
37 creatures vanquished.

Notes
Turn   | Place    | Note
-------+----------+-------------------------------------------
     0 | D:1      | qw the Gargoyle Hexslinger began the quest for the Orb.
     0 | D:1      | Reached XP level 1. HP: 12/12 MP: 2/2
     0 | D:1      | 0 ||| qw: Version: 0.3-a-46-gb1f654a
     0 | D:1      | 0 ||| qw: Game counter: 957
     0 | D:1      | 0 ||| qw: Melee chars always use a shield: true
     0 | D:1      | 0 ||| qw: God list: Okawaru
     0 | D:1      | 0 ||| qw: Allow faded altars: false
     0 | D:1      | 0 ||| qw: Do Orc after clearing Dungeon:15 true
     0 | D:1      | 0 ||| qw: Do second Lair branch before Depths: true
     0 | D:1      | 0 ||| qw: Lair rune preference: random
     0 | D:1      | 0 ||| qw: Goals: Normal
     0 | D:1      | 0 ||| PLANNING D:1-11
    71 | D:1      | Reached XP level 2. HP: 16/16 MP: 3/3
   259 | D:1      | Reached skill level 3 in Ranged Weapons
   733 | D:1      | 733 ||| UPGRADING to +0 pair of gloves.
   738 | D:1      | 738 ||| DROPPING ring of magical power.
   739 | D:1      | 739 ||| READING scroll labelled BAGGUG BONA.
   740 | D:1      | 740 ||| READING 3 scrolls labelled CETUAG GOWI.
   741 | D:1      | 741 ||| READING scroll labelled ACAITI IREARUAKE.
   742 | D:1      | 742 ||| DROPPING scroll of poison.
   743 | D:1      | 743 ||| DROPPING 2 scrolls of noise.
   787 | D:2      | Reached XP level 3. HP: 20/21 MP: 4/4
  1475 | D:2      | Reached XP level 4. HP: 26/26 MP: 5/5
  1570 | D:2      | 1570 ||| UPGRADING to +0 ring mail.
  1580 | D:2      | 1580 ||| DROPPING +0 robe.
  1581 | D:2      | 1581 ||| READING scroll labelled RUBBALILIL.
  1582 | D:2      | 1582 ||| READING 2 scrolls labelled JELIUD BUOGGUGRAQO.
  1643 | D:3      | 1643 ||| PLANNING SEWER
  1743 | D:3      | Reached skill level 1 in Armour
  1800 | D:3      | Noticed Sigmund
  1809 | D:3      | HP: 6/26 [Sigmund/+0 scythe (9)]
  1821 | D:3      | HP: 1/26 [Sigmund/+0 scythe (8)]
  1822 | D:3      | Slain by Sigmund

Levels and vault maps discovered:
D:1:      dpeg_arrival_prison, layout_basic
D:2:      layout_basic, minmay_misc_feat_enclosed
D:3:      layout_basic, nicolae_overflow_ecumenical_swirl, portal_sewer_entry_d,
          hellmonk_ecumenical_altar_heavens_door, serial_shops,
          nicolae_shop_rolling_square, ebering_ghost_inner_flame, uniq_sigmund

Skill      XL: |  1  2  3  4 |
---------------+-------------+-----
Ranged Weapons | 3 |  3.8
Fighting       | 2 |  2.0
Armour         | 1 |  1.0
Dodging        | |  1.5
Spellcasting   | |  1.0
Hexes          | |  2.6

Action                     |  1- 3 |  4- 6 || total
---------------------------+-------+-------++-------
   Fire: Sling             |   147 |    25 ||   172
    Use: Scroll            |     3 |     2 ||     5
 Armour: Robe              |    31 |       ||    31
         Ring mail         |       |    15 ||    15
  Dodge: Dodged            |    63 |    12 ||    75

Table legend:
 A = Non-vault XP
 B = Vault XP
 C = Vault XP percentage of total XP
 D = Non-vault monster count
 E = Vault monster count
 F = Vault count percentage of total count
                 A         B        C        D         E       F
            +---------+---------+-------+---------+---------+-------
      Total |      79 |      24 |  23.3 |      31 |       6 |  16.2
            +---------+---------+-------+---------+---------+-------
        D:1 |      22 |      10 |  31.2 |      13 |       5 |  27.8
        D:2 |      53 |       0 |   0.0 |      15 |       0 |   0.0
        D:3 |       4 |      14 |  77.8 |       3 |       1 |  25.0
            +---------+---------+-------+---------+---------+-------
